 Dungeon Crawl Stone Soup version bcrawl-1.40.3b (webtiles) character file.

Game seed: 16850519431953509531

651962 Returnofthet the Covert (level 13, -5/82 HPs)
             Began as a Jungle Stalker Gladiator on Feb 12, 2024.
             Was the Champion of Dithmenos.
             Slain by a jiangshi (10 damage)
             ... summoned by a vampire mage
             ... on level 12 of the Dungeon.
             The game lasted 00:20:43 (10493 turns).

Returnofthet the Covert (Jungle Stalker Gladiator) Turns: 10493, Time: 00:20:43

Health: -5/82      AC: 14    Str: 21    XL:     13   Next: 80%
Magic:  0/14       EV: 20    Int: 14    God:    Dithmenos [******]
Gold:   611        SH:  6    Dex: 19    Spells: 12/12 levels left

rFire    . . .     GDR:     34% F - +9 rapier "Sahuile" {pierce, rElec Str+4 Dex-2 SInv}
rCold    . . .     SeeInvis +   (no shield)
rNeg     . . .     Gourm    .   J - +0 acid dragon scales
rPois    +         Faith    .   c - +0 helmet
rElec    +         Spirit   +   b - scarf {Spirit}
rCorr    +         Reflect  +   r - +1 pair of gloves
MR       +....                  E - +2 pair of boots
Stlth    +++++++++.             n - +6 amulet of reflection
HPRegen  1.03/turn              w - +6 ring of intelligence
MPRegen  0.14/turn              (no ring)

@: lethally poisoned (-5 -> -6), wreathed by umbra
A: fangs 3, poison resistance, regeneration 2, acidic bite, no potion heal 3,
rot immunity, strong jaws
a: Shadow Step, Shadow Form, Renounce Religion


You were on level 12 of the Dungeon.
You worshipped Dithmenos.
Dithmenos was exalted by your worship.
You were hungry.

You visited 1 branch of the dungeon, and saw 12 of its levels.

You collected 908 gold pieces.
You spent 297 gold pieces at shops.

Inventory:

Hand Weapons
 F - the +9 rapier "Sahuile" (weapon) {pierce, rElec Str+4 Dex-2 SInv}
   (You bought it in a shop on level 7 of the Dungeon)

   It will always inflict at least some extra damage.
   This minimum extra damage increases with your current reserve of magical
   power.
   It affects your strength (+4).
   It affects your dexterity (-2).
   It insulates you from electricity.
   It lets you see invisible.
 M - the +5 hand axe "Orrausex" {chop, rF+ rN+ Str+2 Dex+3}
   (You took it off an orc on level 10 of the Dungeon)

   It will always inflict at least some extra damage.
   This minimum extra damage increases with your current reserve of magical
   power.
   It affects your strength (+2).
   It affects your dexterity (+3).
   It protects you from fire.
   It protects you from negative energy.
Missiles
 d - 4 throwing nets {=f}
 h - 2396 stones
 y - 117 javelins
 L - 242 poisoned tomahawks (quivered)
Armour
 b - a scarf of spirit shield (worn)
 c - a +0 helmet (worn)
 r - a +1 pair of gloves (worn)
 E - a +2 pair of boots (worn)
 J - +0 acid dragon scales (worn)
Jewellery
 k - the ring "Sairilliaps" {Slay+2 Stlth--, unknown}
   (You found it on level 12 of the Dungeon)

   [ring of attention]

   It affects your accuracy and damage with ranged weapons and melee attacks
   (+2).
   It makes you much less stealthy.
 n - a +6 amulet of reflection (around neck)
 w - a +6 ring of intelligence (left hand)
Wands
 v - a wand of flame (10)
 B - a wand of random effects (12)
 C - a wand of charming (7)
 G - a wand of paralysis (2)
Scrolls
 i - 4 scrolls of identify
 s - 11 scrolls of remove curse
 t - a scroll of teleportation
 x - 2 scrolls of amnesia
 A - 2 scrolls of immolation
 H - 2 scrolls of enchant armour
 I - 3 scrolls of enchant weapon {unknown}
 K - a scroll of revelation
Potions
 f - 5 potions of curing
 g - 4 potions of mutation
 j - a potion of berserk rage
 l - a potion of brilliance
 m - 2 potions of lignification
 o - 4 potions of might
 p - a potion of resistance
 q - 3 potions of flight
 u - 2 potions of invisibility
 z - 3 potions of heal wounds
 D - 5 potions of haste
Comestibles
 e - 22 rations {!d}


   Skills:
 * Level 10.1 Fighting
 + Level 13.1 Short Blades
 + Level 4.2 Throwing
 + Level 5.9 Armour
 + Level 10.0 Dodging
 + Level 13.1 Stealth


You had 12 spell levels left.
You didn't know any spells.
Your spell library contained the following spells:

 Spells                   Type           Power        Failure   Level  Hunger
 Apportation              Tloc           #.....       34%         1    None
 Beastly Appendage        Tmut           #.....       34%         1    None
 Corona                   Hex            #......      34%         1    None
 Infusion                 Chrm           #.......     34%         1    None
 Sandblast                Erth           #.....       34%         1    None
 Slow                     Hex            #.......     34%         1    None
 Sting                    Conj/Pois      #...         34%         1    None
 Summon Butterflies       Summ           #.......     34%         1    None
 Passwall                 Tmut/Erth      #.......     47%         2    ####...
 Poisonous Vapours        Pois/Air       #.....       47%         2    ####...
 Sticks to Snakes         Tmut           #.......     47%         2    ####...
 Confuse                  Hex            #.......     71%         3    #####..
 Dazzling Orbs            Conj/Hex       #......      71%         3    #####..
 Ignite Poison            Fire/Tmut/Pois #.......     71%         3    #####..
 Spider Form              Tmut/Pois      #..          71%         3    #####..
 Fulminant Prism          Conj/Hex       #.........   98%         4    ######.
 Ice Form                 Ice/Tmut       #.......     98%         4    ######.
 Olgreb's Toxic Radiance  Pois           #........    98%         4    ######.
 Petrify                  Tmut/Erth      #.........   98%         4    ######.
 Summon Scorpions         Summ/Pois      #.......     98%         4    ######.
 Yara's Violent Unravell  Hex/Tmut       #.........   98%         4    ######.
 Blade Hands              Tmut           #.........   100%        5    #######
 Bolt of Draining         Conj/Necr      #.........   100%        5    #######
 Silence                  Hex/Air        #.........   100%        5    #######
 Venom Bolt               Conj/Pois      #.........   100%        5    #######
 Bolt of Cold             Conj/Ice       #.........   100%        6    #######
 Conjure Ball Lightning   Conj/Air       #.........   100%        6    #######
 Iron Shot                Conj/Erth      #.........   100%        6    #######
 Poison Arrow             Conj/Pois      #.........   100%        6    #######
 Blight                   Necr/Pois      #........    100%        7    #######
 Orb of Destruction       Conj           #.........   100%        7    #######
 Spellforged Servitor     Conj/Summ      #.........   100%        7    #######


Dungeon Overview and Level Annotations

Branches:
Dungeon (12/12)            Temple (0/1) D:7            Lair (0/6) D:9
    Orc (0/1) D:10         Vaults (0/3) D:12         Depths (0/5) D:12

Altars:
Dithmenos
Gozag
Hepliaklqana
Kikubaaqudgha
Lugonu
Okawaru
Trog
Yredelemnul

Shops:
D:5 *   D:6 %   D:7 (   D:8 (   D:10 }

Annotations:
D:7 2 transporters
D:10 2 transporters, jojo4K's ghost, journeyman MiBe


Innate Abilities, Weirdness & Mutations

You have razor-sharp teeth.
Your system is resistant to poisons. (rPois)
You heal very quickly.
You have acidic saliva.
Potions cannot restore your health.
You are immune to rotting.
Your bites deal extra damage.


Message History

The orc hits the withered plant but does no damage.
The necrophage completely misses you.
Returnofthet's shadow hits the wolf spider zombie!
You catch the helpless wolf spider zombie completely off-guard!
You skewer the wolf spider zombie like a kebab!!!
You destroy the wolf spider zombie!
The vampire mage hits Returnofthet's shadow but does no damage.
The vampire mage completely misses Returnofthet's shadow.
You feel sick.
The harpy skeleton completely misses you.
You block the harpy skeleton's attack. The necrophage misses you.
The jiangshi completely misses you. The jiangshi barely misses you.
The jiangshi claws you but does no damage. x2
You feel less exhausted.
You feel sick.
The jiangshi claws you but does no damage.
The jiangshi closely misses you. The jiangshi misses you.
The jiangshi claws you but does no damage.
The jiangshi claws you!
You die...

# #.# ##+## # #.####
#.# ## #....# #.#
.###.##.# ##.##
.....##.#######...##
.######)##...#.....##
## #.......#.# .....
# ####.##...# #..# #
#.##...###@.# #
#.##.#.))[V.# #
..##...###.## #
######..##V##
##.....8Vn.##
#.P(..88ooZ.#
#.8......ZZP...#
#.........Z...8#
#.......P......#


You could see 2 jiangshi, a vampire mage (invisible), an orc warrior, a
necrophage, an orc, a hornet zombie, a stone giant zombie and a harpy skeleton
(wandering).

Vanquished Creatures
  Harold (D:9)
  2 hydras (D:12)
  8 vault guards (D:12)
  8 death yaks
  2 two-headed ogres
  A centaur warrior (D:11)
  A storm dragon skeleton (D:12)
  2 skeletal warriors (D:12)
  3 unseen horrors
  A cyclops (D:11)
  Pikel (D:7)
  2 wolf spider zombies
  A deep elf mage (D:12)
  2 ugly things
  A stone giant skeleton (D:12)
  Joseph (D:7)
  A gargoyle (D:11)
  A kobold demonologist (D:8)
  A freezing wraith (D:10)
  An eye of draining (D:8)
  A troll (D:9)
  Maurice (D:8)
  A hornet (shapeshifter) (D:11)
  2 meliai zombies
  A hippogriff (D:10)
  A spriggan (D:7)
  9 yaks
  3 wraiths
  A vampire (D:9)
  Eustachio (D:6)
  A hungry ghost (D:6)
  5 vampire mosquitoes
  A steam dragon (D:10)
  Duvessa (D:6)
  Edmund (D:6)
  3 acid dragons
  2 crocodiles
  4 sky beasts
  4 orc warriors
  3 hornet zombies (D:7)
  2 ice beasts
  3 slaves (D:7)
  A black bear (D:10)
  3 phantoms
  A swamp drake (D:10)
  5 ogres
  19 kobold brigands
  8 bullfrogs
  Dowan (D:6)
  6 centaurs
  3 scorpions
  9 killer bees
  5 wights (D:7)
  3 howler monkeys (D:7)
  10 orc priests
  7 crimson imps
  A quasit (D:8)
  A bullfrog skeleton (D:5)
  4 hounds
  3 jellies
  2 iguanas
  19 orc wizards
  6 worker ants
  2 hound skeletons (D:6)
  2 worker ant zombies (D:9)
  5 adders
  6 shadow imps
  An adder skeleton (D:8)
  3 worms
  2 dart slugs
  3 leopard geckos
  56 orcs
  3 bats (D:1)
  A giant cockroach (D:5)
  7 goblins
  7 hobgoblins
  2 quokkas
  2 ball pythons
  2 frilled lizards (D:2)
  A jackal skeleton (D:4)
  38 kobolds
  8 kobold skeletons (D:8)
  10 kobold zombies (D:8)
  A quokka skeleton (D:5)
  6 rats
377 creatures vanquished.

Vanquished Creatures (others)
  Sonja (D:10)
  A sky beast (D:6)
  3 withered plants (D:12)
5 creatures vanquished.

Grand Total: 382 creatures vanquished

Notes
Turn   | Place    | Note
-------+----------+-------------------------------------------
     0 | D:1      | Returnofthet the Vine Stalker Gladiator began the quest for
                  | the Orb.
     0 | D:1      | Reached XP level 1. HP: 13/13 MP: 2/2
   105 | D:1      | Reached XP level 2. HP: 18/18 MP: 3/3
   839 | D:2      | Reached XP level 3. HP: 23/23 MP: 4/4
  1610 | D:3      | Reached XP level 4. HP: 27/28 MP: 5/5
  2098 | D:4      | Noticed a phantom
  2148 | D:4      | Killed a phantom
  2149 | D:4      | Reached skill level 1 in Armour
  2149 | D:4      | Reached XP level 5. HP: 24/32 MP: 6/6
  2226 | D:4      | Gained mutation: You have razor-sharp teeth. [Vine Stalker
                  | growth]
  2226 | D:4      | Reached XP level 6. HP: 37/37 MP: 7/7
  2697 | D:4      | Found a shadowy altar of Dithmenos.
  2697 | D:4      | Noticed a phantom
  2707 | D:4      | Became a worshipper of Dithmenos the Shadowed
  2738 | D:4      | Killed a phantom
  2739 | D:4      | Reached skill level 1 in Stealth
  2739 | D:4      | Reached XP level 7. HP: 33/42 MP: 8/8
  3092 | D:5      | Entered Level 5 of the Dungeon
  3193 | D:5      | Reached skill level 5 in Short Blades
  3344 | D:5      | Found an opulent altar of Gozag.
  3375 | D:5      | Reached skill level 5 in Dodging
  3375 | D:5      | Gained mutation: You have acidic saliva. [Jungle Stalker
                  | growth]
  3375 | D:5      | Gained mutation: Your system is resistant to poisons.
                  | (rPois) [Jungle Stalker growth]
  3375 | D:5      | Reached XP level 8. HP: 39/48 MP: 8/9
  3425 | D:5      | Found Guamuopt's General Store.
  3533 | D:5      | Found a hazy altar of Hepliaklqana.
  3728 | D:6      | Noticed a two-headed ogre
  3754 | D:6      | Noticed Edmund
  3797 | D:6      | Killed a two-headed ogre
  3798 | D:6      | Reached XP level 9. HP: 52/52 MP: 10/10
  3813 | D:6      | Killed Edmund
  3852 | D:6      | Found Qigof's Food Emporium.
  3855 | D:6      | Noticed Duvessa
  3857 | D:6      | Noticed Dowan
  3870 | D:6      | Killed Duvessa
  3881 | D:6      | Killed Dowan
  3899 | D:6      | Reached * piety under Dithmenos
  4185 | D:6      | Reached skill level 5 in Fighting
  4340 | D:6      | Noticed Eustachio
  4356 | D:6      | Killed Eustachio
  4357 | D:6      | Reached skill level 5 in Stealth
  4765 | D:7      | Noticed Pikel
  4833 | D:7      | Killed Pikel
  4834 | D:7      | Reached XP level 10. HP: 57/59 MP: 11/11
  4898 | D:7      | Reached skill level 5 in Armour
  4952 | D:7      | Found a transporter.
  4958 | D:7      | Noticed a two-headed ogre
  4959 | D:7      | Found a roughly hewn altar of Beogh.
  4959 | D:7      | Found a transporter.
  4959 | D:7      | Noticed a two-headed ogre
  5000 | D:7      | Noticed Joseph
  5022 | D:7      | Reached ** piety under Dithmenos
  5054 | D:7      | Killed Joseph
  5170 | D:7      | Found a staircase to the Ecumenical Temple.
  5434 | D:7      | Found Qierph's Antique Weapon Boutique.
  5468 | D:7      | Noticed a white ugly thing
  5494 | D:7      | Bought a transparent rapier for 297 gold pieces
  5494 | D:7      | Identified the +9 rapier "Sahuile" {pierce, rElec Str+4
                  | Dex-2 SInv} (You bought it in a shop on level 7 of the
                  | Dungeon)
  5514 | D:7      | Killed a white ugly thing
  5708 | D:7      | Found an ancient bone altar of Kikubaaqudgha.
  5708 | D:7      | Found a corrupted altar of Lugonu.
  6069 | D:8      | Reached skill level 10 in Stealth
  6177 | D:8      | Reached XP level 11. HP: 64/64 MP: 12/12
  6191 | D:8      | Noticed Maurice
  6202 | D:8      | Found Agos's Antique Weapon Shop.
  6211 | D:8      | Killed Maurice
  6211 | D:8      | Reached *** piety under Dithmenos
  6447 | D:8      | Found an ancient bone altar of Kikubaaqudgha.
  6476 | D:8      | Reached **** piety under Dithmenos
  6770 | D:8      | Found an iron altar of Okawaru.
  6873 | D:9      | Noticed a death yak
  6873 | D:9      | Noticed a death yak
  6885 | D:9      | Noticed a death yak
  6885 | D:9      | Noticed a death yak
  6886 | D:9      | Noticed a death yak
  6888 | D:9      | Noticed a death yak
  6909 | D:8      | Killed a death yak
  6959 | D:9      | Noticed Harold
  6963 | D:9      | Paralysed by Harold for 2 turns
  6978 | D:9      | Killed Harold
  6979 | D:9      | Reached skill level 10 in Short Blades
  7265 | D:9      | Found a staircase to the Lair.
  7297 | D:9      | Noticed a death yak
  7299 | D:9      | Noticed a death yak
  7309 | D:9      | Killed a death yak
  7315 | D:9      | Killed a death yak
  7322 | D:9      | Killed a death yak
  7328 | D:9      | Killed a death yak
  7329 | D:9      | Gained mutation: You heal very quickly. [Jungle Stalker
                  | growth]
  7329 | D:9      | Reached XP level 12. HP: 17/72 MP: 13/13
  7333 | D:9      | Killed a death yak
  7334 | D:9      | HP: 2/72 [death yak (11)]
  7358 | D:9      | Killed a death yak
  7363 | D:9      | Killed a death yak
  7790 | D:9      | Reached ***** piety under Dithmenos
  7907 | D:9      | Got a crude trident
  7908 | D:9      | Found a basalt altar of Yredelemnul.
  8017 | D:9      | Identified the +6 trident "Quinap" {pierce, +Blink Str+4}
                  | (You found it on level 9 of the Dungeon)
  8049 | D:10     | Entered Level 10 of the Dungeon
  8056 | D:10     | Noticed jojo4K's ghost (journeyman MiBe)
  8057 | D:10     | Found a bloodstained altar of Trog.
  8060 | D:10     | Identified the +9 glaive of Tuot {protect, Dex+4}
  8062 | D:10     | Found a transporter.
  8079 | D:10     | Found a transporter.
  8079 | D:10     | Noticed a two-headed ogre
  8079 | D:10     | Identified the +8 dire flail "Ymaulo Hene" {antimagic, +Fly
                  | rPois rN++ Str-4}
  8079 | D:10     | Noticed a tengu warrior
  8134 | D:10     | Found Fyur's Gadget Emporium.
  8256 | D:10     | Found a staircase to the Orcish Mines.
  8261 | D:10     | Identified the +5 hand axe "Orrausex" {chop, rF+ rN+ Str+2
                  | Dex+3}
  8433 | D:10     | Noticed Sonja
  8450 | D:10     | Killed Sonja
  9039 | D:11     | Noticed a two-headed ogre
  9051 | D:11     | Killed a two-headed ogre
  9199 | D:11     | Noticed a centaur warrior
  9229 | D:11     | Killed a centaur warrior
  9689 | D:11     | Reached XP level 13. HP: 79/79 MP: 14/14
  9977 | D:12     | Entered Level 12 of the Dungeon
  9990 | D:12     | Got a black opal-studded leather armour
 10001 | D:12     | Identified the +2 leather armour of Vlad {rPois Str+3} (You
                  | found it on level 12 of the Dungeon)
 10068 | D:12     | Got a glittering amber ring
 10121 | D:12     | Noticed a vault guard
 10121 | D:12     | Noticed a vault guard
 10121 | D:12     | Noticed a vault guard
 10121 | D:12     | Noticed a vault guard
 10123 | D:12     | Noticed a vault guard
 10124 | D:12     | Noticed a vault guard
 10126 | D:12     | Found a gate to the Vaults.
 10126 | D:12     | Noticed a vault guard
 10126 | D:12     | Noticed a vault guard
 10130 | D:12     | Killed a vault guard
 10136 | D:12     | Killed a vault guard
 10150 | D:12     | Killed a vault guard
 10159 | D:12     | Killed a vault guard
 10192 | D:12     | Killed a vault guard
 10207 | D:12     | Killed a vault guard
 10217 | D:12     | Killed a vault guard
 10225 | D:12     | Killed a vault guard
 10249 | D:12     | Reached ****** piety under Dithmenos
 10359 | D:12     | Reached skill level 10 in Fighting
 10359 | D:12     | Reached skill level 10 in Dodging
 10377 | D:12     | Found a staircase to the Depths.
 10470 | D:12     | Noticed a jiangshi
 10484 | D:12     | Noticed a jiangshi
 10487 | D:12     | HP: 2/82 [wolf spider zombie[a vampire mage] (12)]
 10492 | D:12     | HP: 4/82 [poisoned by an orc warrior]
 10493 | D:12     | Slain by a jiangshi

Skill      XL: |  1  2  3  4  5  6  7  8  9 10 11 12 13 |
---------------+----------------------------------------+-----
Short Blades   | 3 4 5 7 8 9 10 12 13 | 13.1
Fighting       | 3 4 5 6 7 8 10 | 10.1
Throwing       | 2 3 4 |  4.2
Armour         | 1 2 3 4 5 |  5.9
Dodging        | 4 5 6 7 8 9 10 | 10.0
Stealth        | 1 2 3 6 10 11 12 13 | 13.1

Action                   |  1- 3 |  4- 6 |  7- 9 | 10-12 | 13-15 || total
-------------------------+-------+-------+-------+-------+-------++-------
Melee: Rapier            |    82 |    12 |       |   471 |   184 ||   749
       Bite              |     7 |    11 |    63 |    85 |    32 ||   198
       Dagger            |       |    99 |   334 |   188 |       ||   621
Throw: Stone             |       |    20 |     4 |       |       ||    24
       Throwing net      |       |       |     2 |     1 |       ||     3
       Tomahawk          |       |       |       |    10 |    14 ||    24
Invok: Shadow Step       |       |       |       |       |     1 ||     1
  Use: Scroll            |       |     3 |    10 |     4 |       ||    17
       Potion            |       |       |       |     1 |     1 ||     2
 Stab: Sleeping          |       |     2 |     2 |    35 |     2 ||    41
       Held in net/web   |       |       |     3 |       |       ||     3
       Distracted        |       |       |       |     2 |     4 ||     6
  Eat: Chunk             |     4 |     5 |    10 |    27 |     5 ||    51
       Ration            |       |       |     2 |       |       ||     2
Armor: Leather armour    |    18 |    16 |    34 |    74 |       ||   142
       Acid dragon scale |       |       |       |    36 |    36 ||    72
Dodge: Dodged            |    51 |    33 |    99 |   422 |   124 ||   729
Block: Other             |    11 |    20 |    53 |   139 |    32 ||   255
       Reflection        |       |     1 |       |    10 |     1 ||    12
